 Dungeon Crawl Stone Soup version 0.30.1-1-g62c8e00024 (webtiles) character file.

Game seed: 12131872036266073335

3703 Wiggles the Severer (level 9, -30/70 HPs)
             Began as a Minotaur Berserker on July 17, 2023.
             Was an Elder of Trog.
             Annihilated by a white ugly thing (31 damage)
             ... on level 9 of the Dungeon.
             The game lasted 00:11:36 (5589 turns).

Wiggles the Severer (Minotaur Berserker)            Turns: 5589, Time: 00:11:36

Health: -30/70     AC: 18    Str: 26    XL:     9   Next: 91%
Magic:  8/8        EV: 10    Int:  4    God:    Trog [****..]
Gold:   492        SH:  0    Dex: 10    Spells: 8/8 levels left

rFire   . . .        E - +3 battleaxe (heavy)
rCold   . . .        (shield currently unavailable)
rNeg    . . .        n - +5 scale mail "Meolaten" {rElec rPois}
rPois   +            (helmet restricted)
rElec   +            m - +2 cloak
rCorr   .            (no gloves)
SInv    +            (no boots)
Will    .....        i - amulet of regeneration Stlth
                     r - ring of see invisible
HPRegen 1.11/turn    y - +4 ring of protection
MPRegen 0.11/turn

%: no passive effects
@: confused
A: horns 2, retaliatory headbutt
a: Renounce Religion, Berserk, Trog's Hand, Brothers in Arms


You were on level 9 of the Dungeon.
You worshipped Trog.
Trog was greatly pleased with you.
You visited 1 branch of the dungeon, and saw 9 of its levels.

You collected 492 gold pieces.

Inventory:

Hand Weapons
 E - a +3 heavy battleaxe (weapon)
Armour
 m - a +2 cloak (worn)
 n - the +5 scale mail "Meolaten" (worn) {rElec rPois}
   (You found it on level 3 of the Dungeon)

   rElec:     It insulates you from electricity.
   rPois:     It protects you from poison.
Jewellery
 b - a ring of ice
 g - a ring of protection from fire
 h - a ring of protection from cold
 i - an amulet of regeneration (around neck)
 r - a ring of see invisible (left hand)
 s - a +6 ring of intelligence
 y - a +4 ring of protection (right hand)
Wands
 l - a wand of roots (20)
Scrolls
 d - 3 scrolls of teleportation
 k - 3 scrolls of poison
 p - a scroll of brand weapon
 q - a scroll of fear
Potions
 a - a potion of resistance {unknown}
 c - 4 potions of heal wounds
 e - 3 potions of haste
 f - 8 potions of curing
 j - 3 potions of lignification
 o - 2 potions of ambrosia
 t - a potion of magic {unknown}
 u - 2 potions of mutation
 w - a potion of attraction {unknown}
 x - 2 potions of might
 z - a potion of brilliance {unknown}
 D - 2 potions of flight {unknown}


   Skills:
 - Level 3.6 Fighting
 + Level 16.4 Axes
 - Level 2.4 Armour
 - Level 2.1 Dodging
 + Level 2.8 Stealth


You had 8 spell levels left.
You didn't know any spells.
Your spell library was empty.

Dungeon Overview and Level Annotations

Branches:
Dungeon (9/15)             Temple (0/1) D:4
   Lair: D:8-11         Orc: D:9-12

Altars:
Ashenzari
Fedhas
Gozag
Hepliaklqana
Kikubaaqudgha
Nemelex Xobeh
Okawaru
Ru
Sif Muna
Trog
Uskayaw

Shops:
D:7 (


Innate Abilities, Weirdness & Mutations

You have a pair of horns on your head.
You reflexively headbutt those who attack you in melee.


Message History

Trog accepts your kill.
No target in view!
Things that are here:
a +0 shortbow; a killer bee corpse
Found 3 poisoned darts.
v - a scroll of identify
As you read the scroll of identify, it crumbles to dust.
x - 2 potions of might
Found a stone staircase leading up.
Found a book of Storms.
Found a phial of floods.
A white ugly thing comes into view.
Found a staff of cold.
The white ugly thing gurgles horribly!
A tarantella comes into view.
An acid dragon comes into view.
The tarantella moves out of view.
The acid dragon roars!
The acid dragon spits acid at you. The splash of acid misses you.
You barely miss the white ugly thing. You headbutt the white ugly thing!
The white ugly thing is lightly wounded.
You completely miss the tarantella. The tarantella touches you.
You are confused.
The white ugly thing kicks you but does no damage.
You bump into the crystal wall.
The tarantella touches you. The white ugly thing kicks you.
The white ugly thing freezes you!!
The tarantella touches you but does no damage.
You are too confused!
You miss the tarantella. Your headbutt misses the tarantella.
You barely miss the white ugly thing. The tarantella completely misses you.
The white ugly thing kicks you. The white ugly thing freezes you!!
* * * LOW HITPOINT WARNING * * *
The tarantella barely misses you.
The tarantella attacks as you move away!
The tarantella touches you but does no damage.
The white ugly thing attacks as you move away!
The white ugly thing kicks you.
* * * LOW HITPOINT WARNING * * *
The white ugly thing freezes you!!
You die...

## ....#... ...
...#.. ...### ....#
....##...# ##
....#...# #...
#..#...#
#.|..#..#...#
...}..Du..#.#
.#..:.#s@.#.# ##..
#...#.# ... #...#.#
... ...##.######.
### ....#.........
... .!.###.........
....#####...........
.<..................
.........#..........


You could see a white ugly thing, a tarantella and an acid dragon.

Vanquished Creatures
  Eustachio (D:6)
  A steam dragon (D:5)
  Menkaure (D:5)
  2 water moccasins (D:7)
  An orc warrior (D:7)
  3 sky beasts
  An ice beast (D:8)
  An ogre (D:6)
  A phantom (D:5)
  6 centaurs
  A kobold brigand (D:8)
  4 bullfrogs (D:8)
  5 wights (D:8)
  12 killer bees
  4 howler monkeys (D:8)
  3 jellies
  2 gnoll boudas
  A hound (D:4)
  2 orc priests
  An iguana (D:7)
  A sleepcap (D:5)
  3 orc wizards
  18 gnolls
  3 adders
  A shadow imp (D:5)
  An ufetubus (D:5)
  3 worms
  2 dart slugs
  21 orcs
  7 bats
  4 endoplasms
  A giant cockroach (D:4)
  10 goblins
  11 hobgoblins
  4 jackals (D:1)
  3 quokkas (D:5)
  6 ball pythons
  3 frilled lizards
  15 kobolds
  8 rats
178 creatures vanquished.

Vanquished Creatures (others)
  An orc wizard (D:8)
1 creature vanquished.

Grand Total: 179 creatures vanquished

Notes
Turn   | Place    | Note
-------+----------+-------------------------------------------
     0 | D:1      | Wiggles the Minotaur Berserker began the quest for the Orb.
     0 | D:1      | Reached XP level 1. HP: 19/19 MP: 0/0
   127 | D:1      | Reached skill level 4 in Axes
   191 | D:1      | Reached XP level 2. HP: 22/26 MP: 1/1
   843 | D:2      | Reached ** piety under Trog
   844 | D:2      | Reached skill level 5 in Axes
   858 | D:2      | Reached XP level 3. HP: 31/31 MP: 2/2
  1294 | D:3      | Identified the +5 scale mail "Meolaten" {rElec rPois}
  1346 | D:3      | Reached XP level 4. HP: 39/39 MP: 3/3
  1476 | D:3      | Found a hide-covered altar of Uskayaw.
  1476 | D:3      | Noticed a +0 dagger
  1476 | D:3      | Noticed a +0 hand axe
  1549 | D:3      | Reached skill level 6 in Axes
  1582 | D:3      | Reached *** piety under Trog
  1763 | D:3      | Reached skill level 1 in Stealth
  1995 | D:4      | Reached XP level 5. HP: 45/45 MP: 4/4
  2013 | D:4      | Found a staircase to the Ecumenical Temple.
  2115 | D:4      | Reached skill level 7 in Axes
  2400 | D:5      | Entered Level 5 of the Dungeon
  2415 | D:5      | Noticed a centaur
  2421 | D:5      | Killed a centaur
  2422 | D:5      | Reached skill level 8 in Axes
  2422 | D:5      | Reached XP level 6. HP: 51/51 MP: 5/5
  2461 | D:5      | Found a blossoming altar of Fedhas.
  2574 | D:5      | Reached skill level 9 in Axes
  2595 | D:5      | Found an opulent altar of Gozag.
  2706 | D:5      | Found a broken altar of Ashenzari.
  2773 | D:5      | Reached XP level 7. HP: 54/57 MP: 6/6
  2781 | D:5      | Noticed a steam dragon
  2789 | D:5      | Killed a steam dragon
  2915 | D:5      | Found an iron altar of Okawaru.
  2916 | D:5      | Noticed Menkaure
  2924 | D:5      | Killed Menkaure
  2925 | D:5      | Reached skill level 10 in Axes
  2983 | D:5      | Reached **** piety under Trog
  3203 | D:6      | Reached skill level 11 in Axes
  3239 | D:6      | Reached XP level 8. HP: 57/64 MP: 7/7
  3630 | D:6      | Found a sacrificial altar of Ru.
  3631 | D:6      | Noticed Eustachio
  3647 | D:6      | Killed Eustachio
  3648 | D:6      | Reached skill level 12 in Axes
  4172 | D:6      | Found a hazy altar of Hepliaklqana.
  4174 | D:6      | Found a bloodstained altar of Trog.
  4176 | D:6      | Found a sparkling altar of Nemelex Xobeh.
  4177 | D:6      | Found an ancient bone altar of Kikubaaqudgha.
  4326 | D:7      | Found Qich's Weapon Shoppe.
  4340 | D:7      | Reached skill level 13 in Axes
  4545 | D:7      | Reached XP level 9. HP: 55/70 MP: 8/8
  4602 | D:7      | Reached skill level 14 in Axes
  4911 | D:8      | Reached skill level 15 in Axes
  4985 | D:8      | Found a shimmering blue altar of Sif Muna.
  5159 | D:8      | Reached skill level 16 in Axes
  5582 | D:9      | Noticed a white ugly thing
  5587 | D:9      | HP: 3/70 [white ugly thing (22)]
  5589 | D:9      | HP: 1/70 [white ugly thing (3)]
  5589 | D:9      | Annihilated by a white ugly thing

Illustrated notes

Levels and vault maps discovered:
D:1:      tarquinn_simple_flora_water_e, layout_basic
D:2:      layout_basic
D:3:      layout_basic, dancing_weapons_uskayaw, kennysheep_cluttered_room,
          minmay_goblin_outpost
D:4:      layout_loops_ring, minmay_temple_entry_mist, mrwooster_statue_mirror
D:5:      layout_loops_ring, mainiacjoe_overflow_paths,
          nicolae_gozag_cash_rules_everything_around_me, ashenzari_altar_1,
          mainiacjoe_overflow_catwalk, nicolae_figureground_pulse, uniq_menkaure
D:6:      layout_loops_ring, amcnicky_altar_gilded,
          mainiacjoe_overflow_alcove_3, uniq_eustachio
D:7:      layout_cave_pools, serial_shops, nicolae_shop_waterfront
D:8:      layout_basic, led_sif_pool, grunt_ministairs_11
D:9:      layout_irregular_city, lemuel_crystal_altar, minmay_radiant

Skill      XL: |  1  2  3  4  5  6  7  8  9 |
---------------+----------------------------+-----
Axes           | 4 5 6 8 9 11 13 16 | 16.4
Stealth        | 1 2 |  2.8
Fighting       | |  3.6
Armour         | |  2.4
Dodging        | |  2.1

Action                     |  1- 3 |  4- 6 |  7- 9 || total
---------------------------+-------+-------+-------++-------
  Melee: Hand axe          |    99 |   124 |   167 ||   390
         Headbutt          |     8 |    23 |    47 ||    78
         Punch             |     1 |     3 |       ||     4
         Battleaxe         |       |       |    59 ||    59
 Invoke: Berserk           |       |     1 |     2 ||     3
    Use: Scroll            |       |       |    17 ||    17
 Armour: Animal skin       |    13 |       |       ||    13
         Scale mail        |    19 |    62 |   160 ||   241
         Leather armour    |     1 |       |       ||     1
  Dodge: Dodged            |    64 |    63 |   147 ||   274
